 Dungeon Crawl Stone Soup version 0.21-a0-210-gbfa5647 (webtiles) character file.

36809 aurelian the Covert (level 13, -9/92 HPs)
             Began as an Octopode Assassin on Aug 20, 2017.
             Was a High Priest of Dithmenos.
             Mangled by a spiny frog (18 damage)
             ... on level 5 of the Lair of Beasts on Aug 21, 2017.
             The game lasted 01:00:11 (18522 turns).

aurelian the Covert (Octopode Assassin)            Turns: 18522, Time: 01:00:11

Health: -9/92      AC:  7    Str: 16    XL:     13   Next: 92%
Magic:  27/27      EV: 21    Int: 15    God:    Dithmenos [*****.]
Gold:   1031       SH: 20    Dex: 22    Spells: 11/12 levels left

rFire    . . .     SeeInvis +   a - +3 dagger (elec)
rCold    . . .     Gourm    .   J - +3 shield of Ecimegar {-Tele Str+6 Dex+2}
rNeg     . . .     Faith    .   U - +2 hat
rPois    .         Spirit   .   n - +5 amulet of reflection
rElec    .         Reflect  +   e - +4 ring of protection
rCorr    .         Harm     .   r - +3 ring of dexterity
MR       .....     NoTele   +   h - ring of see invisible
Stlth    ++++++++++             m - ring of magical power
HPRegen  0.00/turn              V - +3 ring of slaying
MPRegen  0.20/turn              (no ring)
                                (no ring)
                                (no ring)

@: lethally poisoned (-9 -> -47), wreathed by umbra
A: almost no armour, stealthy swim, amphibious, 8 rings, constrict 8, antennae
1, camouflage 1, inhibited regeneration, gelatinous body 1
a: Shadow Step, Shadow Form, Renounce Religion


You were on level 5 of the Lair of Beasts.
You worshipped Dithmenos.
Dithmenos was extremely pleased with you.
You were hungry.

You visited 3 branches of the dungeon, and saw 18 of its levels.
You also visited: Ossuary.

You collected 1031 gold pieces.

Inventory:

Hand Weapons
 a - a +3 dagger of electrocution (weapon)
 b - a +0 hunting sling
 u - a +0 blowgun
 F - a +4 dagger
Missiles
 c - 66 poisoned needles
 d - 2 curare-tipped needles
 p - 284 arrows
 t - 150 sling bullets
 y - a throwing net (quivered)
 I - 9 needles of confusion
Armour
 J - the +3 shield of Ecimegar (worn) {-Tele Str+6 Dex+2}
   (You acquired it in an ossuary)

   It affects your strength (+6).
   It affects your dexterity (+2).
   It prevents most forms of teleportation.
 U - a +2 hat (worn)
Jewellery
 e - a +4 ring of protection (left tentacle)
 h - a ring of see invisible (on tentacle)
 m - a ring of magical power (on tentacle)
 n - a +5 amulet of reflection (around mantle)
 r - a +3 ring of dexterity (right tentacle)
 V - a +3 ring of slaying (on tentacle)
 Y - the amulet "Erupn" {Faith rC+ rN++ Str-2 SInv}
   (You found it on level 3 of the Lair of Beasts)

   [amulet of faith]

   It allows you to gain divine favour quickly.
   It affects your strength (-2).
   It protects you from cold.
   It greatly protects you from negative energy.
   It lets you see invisible.
Wands
 i - a wand of iceblast (10/15)
 x - a wand of polymorph (24/24)
 C - a wand of scattershot (6/9)
 K - a wand of iceblast (6/15)
 L - a wand of iceblast (1/15)
 P - a wand of acid (6/15)
 R - a wand of confusion (34/48)
 X - a wand of acid (8/15)
Scrolls
 k - 4 scrolls of amnesia
 l - 9 scrolls of teleportation
 o - 2 scrolls of enchant weapon
 v - 2 scrolls of remove curse
 D - 2 scrolls of fog
 O - 3 scrolls of enchant armour
 S - 3 scrolls of recharging
 T - 2 scrolls of magic mapping
 Z - 4 scrolls of identify
Potions
 g - 2 potions of cancellation
 j - 2 potions of ambrosia
 A - 4 potions of heal wounds
 B - 2 potions of flight
 H - a potion of brilliance
 M - 2 potions of berserk rage
 N - a potion of haste
 Q - 2 potions of curing
Books
 q - a book of Misfortune

   Spells                             Type                      Level
   a - Confusing Touch                Hexes                        1
   b - Confuse                        Hexes                        3
   c - Gell's Gravitas                Translocation                3
   d - Petrify                        Transmutation/Earth          4
   e - Metabolic Englaciation         Hexes/Ice                    5
   f - Yara's Violent Unravelling     Hexes/Transmutation          5
 G - a book of Cantrips

   Spells                             Type                      Level
   a - Confusing Touch                Hexes                        1
   b - Animate Skeleton               Necromancy                   1
   c - Summon Small Mammal            Summoning                    1
   d - Apportation                    Translocation                1
Miscellaneous
 w - a fan of gales
Comestibles
 f - 12 bread rations
 s - 7 royal jellies
 E - 4 meat rations


   Skills:
 + Level 10.2 Fighting
 - Level 10.3 Short Blades
 - Level 2.0 Throwing
 + Level 9.9 Dodging
 + Level 14.1 Stealth
 * Level 9.6 Shields
   Level 1.1 Hexes
 - Level 7.0 Invocations
 - Level 7.0 Evocations


You had 11 spell levels left.
You knew the following spells:

 Your Spells              Type           Power        Failure   Level  Hunger
a - Apportation           Tloc           #.....       47%         1    ##.....


Dungeon Overview and Level Annotations

Branches:
Dungeon (12/15)            Temple (1/1) D:7            Lair (5/6) D:8
 Shoals (0/4) Lair:2        Snake (0/4) Lair:4          Orc (0/2) D:11
  Slime: Lair:5-6

Altars:
Ashenzari
Cheibriados
Dithmenos
Elyvilon
Fedhas
Gozag
Hepliaklqana
Kikubaaqudgha
Nemelex Xobeh
Okawaru
Qazlal
Sif Muna
Uskayaw
Vehumet
Wu Jian
Xom
Zin

Annotations:
D:2 Natasha
D:4 Menkaure
D:5 enarc13's ghost, amateur DrAE
Lair:1 exclusion: 2 oklob plants
Lair:3 exclusion: 2 oklob plants


Innate Abilities, Weirdness & Mutations

You cannot wear most types of armour.
You are very stealthy in the water. (Stealth+)
You are amphibious.
You can wear up to eight rings at the same time.
You can use your tentacles to constrict eight enemies at once.
Your skin changes colour to match your surroundings (Stealth+).
Your rubbery body absorbs attacks. (AC +1, EV +1)
You have a pair of small antennae on your head.
You do not regenerate when monsters are visible.


Message History

You are feeling hungry.
You feel sick.
You feel sick. The spiny frog barely misses you.
You feel sick.
The dream sheep shake their wool and sparkle.
You feel drowsy...
You fall asleep.
You feel sick. The spiny frog barely misses you. x2
You feel sick. The spiny frog closely misses you. x2
The dream sheep barely misses you.
You feel sick.
The spiny frog stings you but does no damage.
The spiny frog barely misses you. The spiny frog stings you!!!
You wake up.
Ouch! That really hurt!
* * * LOW HITPOINT WARNING * * *
You emit a cloud of dark smoke.
You are more poisoned.
The spiny frog poisons you!
The dream sheep bites you but does no damage.
The spiny frog stings you!!
You die...

# ## ##.......## .##
#........# . ...###
##.......## .. ....#
#........# .#.###....##
##.......# #.....#.#..##
##P........# ........##..#
#..........#
.⌠...⌠...#.F######.......##
...<....YYYF@.##.#.......#
.⌠...⌠...#.Y#§...........#
../.YY.....Y#####........#
.#........!## ..........
...........# ###......)P
.....$...##. ........P
......#... .. ........#
###+#..... ... ........#
.......


You could see 2 spiny frogs and 6 dream sheep.

Vanquished Creatures
  Josephine (D:11)
  3 hydras
  Erica (D:10)
  3 two-headed ogres
  2 manticores
  Joseph (D:8)
  The ghost of aurelian the Insei, a novice OpTm of Dithmenos (D:6)
  5 black mambas
  10 elephants
  Maurice (D:8)
  7 spiny frogs
  Psyche (D:11)
  3 rime drakes
  5 gargoyles (D:10)
  A komodo dragon (Lair:3)
  A merfolk (Lair:2)
  A polar bear (Lair:3)
  9 blink frogs
  11 hippogriffs
  A snapping turtle (Lair:2)
  Sigmund (D:6)
  5 wraiths (D:11)
  29 yaks
  2 basilisks
  2 hungry ghosts
  2 chaos spawn (D:9)
  Eustachio (D:4)
  2 vampire mosquitoes (D:8)
  2 swamp worms (Lair:3)
  4 nagas (Lair:4)
  13 water moccasins
  Duvessa (D:5)
  6 orc warriors
  11 porcupines
  A sky beast (D:9)
  3 ice beasts
  A phantom (D:10)
  4 ogres
  A centaur (D:5)
  9 crocodiles
  11 bullfrogs
  Dowan (D:5)
  12 scorpions
  4 killer bees
  8 wights
  An electric eel (Lair:2)
  4 howler monkeys
  5 crimson imps
  A bullfrog zombie (D:5)
  7 jellies
  3 quasits
  4 hounds
  4 human zombies (Ossuary)
  12 orc priests
  3 centaur zombies
  A bullfrog skeleton (D:4)
  7 iguanas
  Natasha (twice) (D:2)
  Terence (D:3)
  7 orc wizards
  7 worker ants
  2 hound zombies (D:6)
  3 mummies (Ossuary)
  A howler monkey zombie (D:10)
  A worker ant zombie (D:5)
  5 scorpion zombies (Ossuary)
  8 adders
  A shadow imp (D:5)
  An adder skeleton (D:7)
  19 worms
  3 dart slugs (D:1)
  15 leopard geckos
  37 orcs
  8 bats
  4 giant cockroaches
  2 gnoll zombies (Ossuary)
  10 hobgoblins
  8 jackals
  8 quokkas
  2 ball pythons
  5 frilled lizards
  A giant cockroach zombie (D:5)
  4 goblins
  4 goblin zombies (Ossuary)
  A jackal zombie (D:5)
  9 kobolds
  An orc zombie (Ossuary)
  A quokka skeleton (D:9)
  7 rats
  A fungus (Lair:1)
445 creatures vanquished.

Vanquished Creatures (collateral kills)
  3 orcs (D:7)
3 creatures vanquished.

Vanquished Creatures (others)
  5 fungi
  5 plants
10 creatures vanquished.

Grand Total: 458 creatures vanquished

Notes
Turn   | Place    | Note
-------+----------+-------------------------------------------
     0 | D:1      | aurelian the Octopode Assassin began the quest for the Orb.
     0 | D:1      | Reached XP level 1. HP: 14/14 MP: 1/1
    65 | D:1      | Reached XP level 2. HP: 18/19 MP: 2/2
   516 | D:1      | Reached XP level 3. HP: 14/24 MP: 3/3
  1345 | D:2      | Learned a level 1 spell: Confusing Touch
  1364 | D:2      | Found a shattered altar of Ashenzari.
  1407 | D:2      | Reached XP level 4. HP: 29/29 MP: 4/4
  1562 | D:2      | Noticed Natasha
  1580 | D:2      | Killed Natasha
  1580 | D:2      | Reached skill level 1 in Hexes
  1601 | D:2      | Found a radiant altar of Vehumet.
  1617 | D:2      | Noticed Natasha
  1671 | D:2      | Killed Natasha
  1671 | D:2      | Reached XP level 5. HP: 34/34 MP: 5/5
  1951 | D:3      | Reached skill level 5 in Short Blades
  2028 | D:3      | Found a white marble altar of Elyvilon.
  2030 | D:3      | Noticed Terence
  2047 | D:3      | Killed Terence
  2424 | D:3      | Found a faded altar of an unknown god.
  2736 | D:4      | Reached XP level 6. HP: 36/41 MP: 6/6
  3039 | D:4      | Noticed a phantom
  3582 | D:2      | Noticed Natasha
  4010 | D:4      | Found a shimmering altar of Xom.
  4040 | D:4      | Reached XP level 7. HP: 46/46 MP: 7/7
  4109 | D:4      | Noticed Menkaure
  4240 | D:4      | Found an ancient bone altar of Kikubaaqudgha.
  4293 | D:4      | Noticed Eustachio
  4478 | D:3      | Gained mutation: You do not regenerate when monsters are visible. [potion of mutation]
  4478 | D:3      | Gained mutation: You have a pair of small antennae on your head. [potion of mutation]
  4499 | D:4      | Killed Eustachio
  4926 | D:5      | Entered Level 5 of the Dungeon
  5061 | D:5      | Found a hazy altar of Hepliaklqana.
  5067 | D:5      | Reached XP level 8. HP: 54/54 MP: 8/8
  5138 | D:5      | Noticed enarc13's ghost (amateur DrAE)
  5371 | D:5      | Found an ornate altar of the Wu Jian Council.
  5901 | D:5      | Noticed Duvessa
  5907 | D:5      | Noticed Dowan
  5916 | D:5      | Killed Duvessa
  5916 | D:5      | Reached skill level 6 in Stealth
  5919 | D:5      | Killed Dowan
  6445 | D:6      | Noticed aurelian's ghost (novice OpTm)
  6473 | D:6      | Killed aurelian's ghost
  6698 | D:6      | Reached skill level 5 in Fighting
  6698 | D:6      | Reached XP level 9. HP: 61/61 MP: 9/9
  6731 | D:6      | Noticed Sigmund
  6763 | D:6      | Killed Sigmund
  6763 | D:6      | Reached skill level 7 in Stealth
  6815 | D:6      | Reached skill level 5 in Dodging
  7717 | D:6      | Found a snail-covered altar of Cheibriados.
  7723 | D:6      | Found a glowing silver altar of Zin.
  8092 | D:7      | Found a staircase to the Ecumenical Temple.
  8100 | Temple   | Entered the Ecumenical Temple
  8209 | Temple   | Became a worshipper of Dithmenos the Shadowed
  8295 | D:7      | Reached skill level 8 in Stealth
  8575 | D:7      | Reached * piety under Dithmenos
  8667 | D:7      | Found a shimmering altar of Xom.
  9059 | D:8      | Found a stormy altar of Qazlal.
  9071 | D:8      | Reached skill level 10 in Short Blades
  9071 | D:8      | Reached XP level 10. HP: 68/68 MP: 10/10
  9074 | D:8      | Reached skill level 1 in Evocations
  9118 | D:8      | Found a sand-covered staircase.
  9133 | Ossuary  | Entered an ossuary
  9307 | Ossuary  | Reached skill level 9 in Stealth
  9317 | Ossuary  | Reached ** piety under Dithmenos
  9516 | Ossuary  | Identified a scroll of acquirement
  9517 | Ossuary  | Got a twisted shield
  9519 | Ossuary  | Identified the +3 shield of Ecimegar {-Tele Str+6 Dex+2} (You acquired it in an ossuary)
  9622 | D:8      | Noticed a two-headed ogre
  9641 | D:8      | Killed a two-headed ogre
  9641 | D:8      | Reached skill level 1 in Shields
  9641 | D:8      | Reached skill level 1 in Invocations
  9746 | D:8      | Found a staircase to the Lair.
  9982 | D:8      | Noticed Joseph
  9989 | D:8      | Killed Joseph
 10077 | D:8      | Reached skill level 10 in Stealth
 10083 | D:8      | Reached XP level 11. HP: 70/75 MP: 14/14
 10103 | D:8      | Noticed Maurice
 10107 | D:8      | Killed Maurice
 10390 | D:9      | Found a shimmering altar of Xom.
 10854 | D:9      | Reached *** piety under Dithmenos
 11249 | D:9      | Found the -1 mace of Variability {chaos}
 11483 | D:10     | Entered Level 10 of the Dungeon
 11587 | D:10     | Noticed a manticore
 11595 | D:10     | Killed a manticore
 11609 | D:10     | Noticed a two-headed ogre
 11613 | D:10     | Killed a two-headed ogre
 11613 | D:10     | Reached skill level 5 in Evocations
 11632 | D:10     | Reached skill level 11 in Stealth
 11654 | D:10     | Noticed Erica
 11672 | D:10     | Killed Erica
 11914 | D:10     | Reached **** piety under Dithmenos
 12153 | D:11     | Found a staircase to the Orcish Mines.
 12159 | D:11     | Noticed Psyche
 12172 | D:11     | Killed Psyche
 12239 | D:11     | Noticed a manticore
 12253 | D:11     | Killed a manticore
 12253 | D:11     | Reached XP level 12. HP: 74/82 MP: 16/16
 12266 | D:11     | Noticed a four-headed hydra
 12270 | D:11     | Killed a four-headed hydra
 12270 | D:11     | Reached skill level 5 in Shields
 12270 | D:11     | Reached skill level 5 in Invocations
 12308 | D:11     | Noticed Josephine
 12330 | D:11     | Killed Josephine
 12707 | D:11     | Noticed a two-headed ogre
 12717 | D:11     | Killed a two-headed ogre
 13103 | Lair:1   | Entered Level 1 of the Lair of Beasts
 13104 | Lair:1   | Reached skill level 12 in Stealth
 13317 | Lair:1   | Learned a level 1 spell: Apportation
 13525 | Lair:1   | Reached ***** piety under Dithmenos
 14118 | Lair:2   | Noticed a five-headed hydra
 14549 | Lair:2   | Killed a five-headed hydra
 14561 | Lair:2   | Reached XP level 13. HP: 72/90 MP: 18/18
 15040 | Lair:2   | Found a staircase to the Shoals.
 15375 | Lair:3   | Reached skill level 13 in Stealth
 16873 | Lair:3   | Got a warped diamond amulet
 16874 | Lair:3   | Identified the amulet "Erupn" {Faith rC+ rN++ Str-2 SInv} (You found it on level 3 of the Lair of Beasts)
 17456 | Lair:4   | Found a staircase to the Snake Pit.
 17540 | Lair:4   | Reached skill level 10 in Fighting
 18164 | Lair:4   | Reached skill level 14 in Stealth
 18522 | Lair:5   | Mangled by a spiny frog

Vault maps used:
D:1:      kennysheep_arrival_seaside, minmay_misc_feat_cross,
          serial_park_tiny_pond, serial_bayou_pond_b
D:2:      nicolae_ashenzari_panopticon, vehumet_crystals, uniq_natasha
D:3:      chequers_ecumenical_altar_twisty, elyvilon_altar_5, uniq_terence
D:4:      kiku_gazebo_garden_becter, lemuel_coloured_pillars_altar, first_bread,
          hangedman_decor_points, uniq_menkaure, uniq_eustachio
D:5:      overflow_temple_1_default, kennysheep_mini_moat,
          hangedman_decor_opposing, uniq_duvessa
D:6:      minitemple, uniq_sigmund
D:7:      minmay_temple_entry_glassed_door, basic_altar
D:8:      nicolae_overflow_crystal_walls, due_lair_maze_entry_diamond,
          nicolae_ossuary_entry_monument, uniq_joseph, uniq_maurice
D:9:      minmay_guarded_unrand_variability
D:10:     cheibrodos_statue_roulette, uniq_erica
D:11:     uniq_psyche, uniq_josephine
D:12:     cheibrodos_lost_city_excavation, serial_shops, shop, shop, shop,
          nicolae_shop_statue_plus, shop_fountains, uniq_rupert
Temple:   nicolae_temple_figure_eight
Lair:1:   wad_woods_structure_01, disabler_island
Lair:2:   minmay_shoals_entry_hut, st_stairs_3, infiniplex_staircase_pool_2,
          serial_bayou_shore_a
Lair:3:   worms_lemuel, minmay_lair_oklob_chamber
Lair:4:   minmay_snake_entry_guardpost_small
Lair:5:   grunt_megastairs_2, infiniplex_staircase_pool
Ossuary:  ossuary_minmay_scorpions

Skill      XL: |  1  2  3  4  5  6  7  8  9 10 11 12 13 |
---------------+----------------------------------------+-----
Short Blades   | 3 4 5 6 7 8 10 | 10.3
Hexes          | 1 |  1.1
Dodging        | 2 3 4 5 6 7 9 |  9.9
Fighting       | 3 4 5 6 7 8 9 10 | 10.2
Stealth        | 6 8 10 11 12 14 | 14.1
Evocations     | 4 5 7 |  7.0
Shields        | 2 4 6 9 |  9.6
Invocations    | 2 4 7 |  7.0
Throwing       | |  2.0

Action                   |  1- 3 |  4- 6 |  7- 9 | 10-12 | 13-15 || total
-------------------------+-------+-------+-------+-------+-------++-------
Melee: Dagger            |    77 |   101 |   321 |   501 |   337 ||  1337
       Constrict         |    24 |    14 |    61 |    67 |    25 ||   191
       Tentacles         |    10 |    20 |    91 |   109 |    91 ||   321
       Unarmed           |       |     2 |       |       |       ||     2
 Fire: Blowgun           |     3 |       |       |       |       ||     3
       Hunting sling     |       |    24 |    46 |     8 |     1 ||    79
 Cast: Apportation       |       |       |       |     5 |     7 ||    12
Invok: Shadow Step       |       |       |       |       |     2 ||     2
Evoke: Wand              |       |       |       |     6 |       ||     6
  Use: Scroll            |       |     7 |    15 |    14 |     3 ||    39
       Potion            |       |       |     5 |     1 |     1 ||     7
 Stab: Sleeping          |     2 |    12 |    16 |    62 |    24 ||   116
       Distracted        |       |     1 |     1 |     1 |     2 ||     5
  Eat: Chunk             |     1 |     7 |    13 |    13 |    10 ||    44
       Fruit             |       |       |     2 |     2 |       ||     4
       Royal jelly       |       |       |     1 |     2 |     1 ||     4
Armor: Skin              |    20 |    14 |    44 |    16 |    17 ||   111
Dodge: Dodged            |    43 |    32 |   141 |   135 |    91 ||   442
Block: Other             |       |       |    17 |    10 |       ||    27
       Reflection        |       |       |     2 |     2 |     4 ||     8
       Shield            |       |       |       |    15 |    45 ||    60
       Buckler           |       |       |       |    75 |    51 ||   126

Table legend:
 A = Spawn XP
 B = Non-spawn XP
 C = Spawn XP percentage of total XP
 D = Spawn monster count
 E = Non-spawn monster count
 F = Spawn count percentage of total count
 G = Total turns spent on level
                    A         B        C        D         E        F      G
               +---------+---------+-------+---------+---------+-------+---------
         Total |    3466 |   49119 |   6.6 |      52 |     395 |  11.6 | 18522
               +---------+---------+-------+---------+---------+-------+---------
           D:1 |      18 |      51 |  26.1 |       9 |      27 |  25.0 |  1327
           D:2 |      14 |     100 |  12.3 |       2 |      12 |  14.3 |   773
           D:3 |       2 |      86 |   2.3 |       1 |      19 |   5.0 |  1312
           D:4 |     132 |     637 |  17.2 |       4 |      15 |  21.1 |  1578
           D:5 |     102 |     674 |  13.1 |       5 |      20 |  20.0 |  1452
           D:6 |     271 |    1276 |  17.5 |       8 |      20 |  28.6 |  1590
           D:7 |       0 |     945 |   0.0 |       0 |      25 |   0.0 |   889
           D:8 |      38 |    4744 |   0.8 |       2 |      30 |   6.2 |   971
           D:9 |     265 |    1863 |  12.5 |       8 |      32 |  20.0 |  1109
          D:10 |     172 |    5037 |   3.3 |       2 |      18 |  10.0 |   858
          D:11 |     133 |    5606 |   2.3 |       1 |      26 |   3.7 |   685
          D:12 |       0 |      57 |   0.0 |       0 |       1 |   0.0 |    10
        Lair:1 |     491 |    5181 |   8.7 |       2 |      23 |   8.0 |  1191
        Lair:2 |     845 |    6402 |  11.7 |       4 |      27 |  12.9 |  1331
        Lair:3 |     396 |    8363 |   4.5 |       2 |      48 |   4.0 |  1790
        Lair:4 |     587 |    7041 |   7.7 |       2 |      22 |   8.3 |  1052
        Lair:5 |       0 |     105 |   0.0 |       0 |       1 |   0.0 |    55
       Ossuary |       0 |     951 |   0.0 |       0 |      29 |   0.0 |   427
               +---------+---------+-------+---------+---------+-------+---------
